 Dungeon Crawl Stone Soup version 0.30-a0-365-ge7f957f1db (webtiles) character file.

Game seed: 11934791720562988118

641 leviel the Slasher (level 7, -9/61 HPs)
             Began as a Hill Orc Fighter on Nov 18, 2022.
             Mangled by Prince Ribbit (13 damage)
             ... on level 5 of the Dungeon.
             The game lasted 00:05:25 (4050 turns).

leviel the Slasher (Hill Orc Fighter)               Turns: 4050, Time: 00:05:25

Health: -9/61      AC: 13    Str: 18 (21) XL:     7   Next: 51%
Magic:  7/7        EV:  5    Int:  7 (8)  God:
Gold:   262        SH:  4    Dex:  9 (10) Spells: 6/6 levels left

rFire   . . .      SeeInvis .    a - +0 long sword
rCold   . . .      Faith    .    c - +0 buckler
rNeg    . . .      Spirit   .    f - +0 plate armour
rPois   .          Reflect  .    (no helmet)
rElec   .          Harm     .    (no cloak)
rCorr   .          Rampage  .    i - +0 pair of gloves
Will    .....                    (no boots)
Stlth   ..........               (no amulet)
HPRegen 0.30/turn                (no ring)
MPRegen 0.10/turn                (no ring)

@: hasted, very quick
A: no striking features
a: no special abilities


You were on level 5 of the Dungeon.
You visited 1 branch of the dungeon, and saw 5 of its levels.

You collected 262 gold pieces.

Inventory:

Hand Weapons
 a - a +0 long sword (weapon)
Missiles
 g - 2 curare-tipped darts (quivered)
Armour
 c - a +0 buckler (worn)
 f - a +0 plate armour (worn)
 i - a +0 pair of gloves (worn)
Scrolls
 h - 3 scrolls of identify {@r1}
 j - a scroll of fog
 m - a scroll of brand weapon {unknown}
 p - 2 scrolls of blinking
Potions
 b - a potion of brilliance
 d - 3 potions of might
 k - 2 potions of magic
 l - a potion of lignification


   Skills:
 + Level 5.5 Fighting
 * Level 5.6 Long Blades
 + Level 5.0 Armour
 + Level 0.7 Dodging
 + Level 5.0 Shields


You had 6 spell levels left.
You didn't know any spells.
Your spell library contained the following spells:

 Spells                   Type           Power      Damage    Failure   Level
 Slow                     Hex            0%         N/A       100%        1
 Confusing Touch          Hex            0%         N/A       100%        3
 Vampiric Draining        Necr           0%         2d6       100%        3


Dungeon Overview and Level Annotations

Branches:
Dungeon (5/15)
 Temple: D:4-7

Altars:
Elyvilon

Annotations:
D:5 Prince Ribbit


Message History

Prince Ribbit hits you but does no damage.
You closely miss Prince Ribbit.
Prince Ribbit is heavily wounded.
Prince Ribbit hits you.
You miss Prince Ribbit.
Prince Ribbit is heavily wounded.
Prince Ribbit hits you. Prince Ribbit closely misses you.
You closely miss Prince Ribbit.
Prince Ribbit is heavily wounded.
Prince Ribbit hits you.
You slash Prince Ribbit!
Prince Ribbit is severely wounded.
You block Prince Ribbit's attack. Prince Ribbit hits you.
You hit Prince Ribbit.
Prince Ribbit is severely wounded.
Prince Ribbit hits you! Prince Ribbit hits you.
You slash Prince Ribbit!
Prince Ribbit is almost dead.
Prince Ribbit hits you!
* * * LOW HITPOINT WARNING * * *
You miss Prince Ribbit.
Prince Ribbit is almost dead.
Prince Ribbit blinks!
Prince Ribbit hits you!
* * * LOW HITPOINT WARNING * * *
You miss Prince Ribbit.
Prince Ribbit is almost dead.
Prince Ribbit blinks!
You feel yourself speed up.
You closely miss Prince Ribbit.
Prince Ribbit is almost dead.
Prince Ribbit blinks!
Prince Ribbit hits you but does no damage.
You see here a dart slug corpse.
You closely miss Prince Ribbit.
Prince Ribbit is almost dead.
Prince Ribbit hits you but does no damage.
You miss Prince Ribbit.
Prince Ribbit is almost dead.
Prince Ribbit hits you!
You die...

###.###.#
##.....## #.##.#
# #.# #.# ##...##
#.##.# . . ..#
##'## #..... #
#### #.# ####.#
###.######
#........#
#....###.#
#.....##.####
#...@F.......
#####.#.#.##.####
........ยง..#.#
#####........#
###.###### #.#
#.. #.. #..#


You could see Prince Ribbit.

Vanquished Creatures
  2 ogres (D:5)
  A phantom (D:4)
  A scorpion (D:5)
  An orc priest (D:5)
  2 hounds (D:5)
  An iguana (D:5)
  Jessica (D:2)
  3 gnolls (D:3)
  8 adders
  An ufetubus (D:5)
  A worm (D:4)
  3 dart slugs
  10 orcs
  4 ball pythons
  4 bats
  9 endoplasms
  A giant cockroach (D:1)
  6 goblins
  4 hobgoblins
  7 jackals
  8 kobolds
  3 frilled lizards (D:1)
  4 rats
85 creatures vanquished.

Notes
Turn   | Place    | Note
-------+----------+-------------------------------------------
     0 | D:1      | leviel the Hill Orc Fighter began the quest for the Orb.
     0 | D:1      | Reached XP level 1. HP: 19/19 MP: 1/1
   134 | D:1      | Reached XP level 2. HP: 17/27 MP: 2/2
   274 | D:1      | Reached XP level 3. HP: 33/33 MP: 3/3
  1157 | D:2      | Reached XP level 4. HP: 29/40 MP: 4/4
  1200 | D:2      | Noticed Jessica
  1208 | D:2      | Killed Jessica
  1643 | D:3      | Reached XP level 5. HP: 47/47 MP: 5/5
  1659 | D:3      | Found a faded altar of an unknown god.
  2267 | D:4      | Noticed a phantom
  2295 | D:4      | Killed a phantom
  2296 | D:4      | Reached XP level 6. HP: 50/55 MP: 6/6
  3232 | D:5      | Entered Level 5 of the Dungeon
  3339 | D:5      | Reached skill level 5 in Fighting
  3464 | D:5      | Reached skill level 5 in Long Blades
  3464 | D:5      | Reached XP level 7. HP: 55/61 MP: 7/7
  3558 | D:5      | Found a white marble altar of Elyvilon.
  3842 | D:5      | Reached skill level 5 in Armour
  3842 | D:5      | Reached skill level 5 in Shields
  4004 | D:5      | Noticed Prince Ribbit
  4044 | D:5      | HP: 3/61 [Prince Ribbit (12)]
  4050 | D:5      | Mangled by Prince Ribbit

Illustrated notes

Levels and vault maps discovered:
D:1:      grunt_arrival_crossed_arrows, layout_loops_cross, minmay_distorted
D:2:      layout_loops_corners, uniq_jessica
D:3:      layout_loops_ring, shapermc_ecumenical_altar_venn
D:4:      layout_basic, chequers_mini_garden
D:5:      layout_loops_corners, elyvilon_altar_5, uniq_blork_the_orc,
          uniq_prince_ribbit1

Skill      XL: |  1  2  3  4  5  6  7 |
---------------+----------------------+-----
Fighting       | 4 5 |  5.5
Long Blades    | 3 4 5 |  5.6
Armour         | 4 5 |  5.0
Shields        | 4 5 |  5.0
Dodging        | |  0.7

Action                   |  1- 3 |  4- 6 |  7- 9 || total
-------------------------+-------+-------+-------++-------
Melee: Long sword        |   126 |   138 |    86 ||   350
  Use: Scroll            |     4 |     5 |     2 ||    11
       Potion            |       |     2 |     4 ||     6
Armor: Scale mail        |     6 |       |       ||     6
       Plate armour      |    74 |    87 |    62 ||   223
Dodge: Dodged            |    45 |    32 |    31 ||   108
Block: Buckler           |    27 |    24 |    20 ||    71

Table legend: (Time is in decaauts)
 A = Elapsed time spent in this place.
 B = Non-inter-level travel time spent in this place.
 C = Inter-level travel time spent in this place.
 D = Time resting spent in this place.
 E = Time spent auto-exploring this place.
 F = Levels seen in this place.
 G = Mean time per level.
                   A        B        C        D        E       F      G
               +--------+--------+--------+--------+--------+-----+--------+
         Total |   4132 |   4023 |    109 |    119 |   3169 |   5 |  826.4 |
       Dungeon |   4132 |   4023 |    109 |    119 |   3169 |   5 |  826.4 |
               +--------+--------+--------+--------+--------+-----+--------+

Top non-repeatable levels by time:
     D:4: 982 daAuts
     D:2: 872 daAuts
     D:5: 835 daAuts
     D:3: 723 daAuts
     D:1: 719 daAuts
